 Dungeon Crawl Stone Soup version 0.20.1-1-g8b1a95d (webtiles) character file.

58 VirginKiller the Ruffian (level 3, 0/29 HPs)
             Began as a Demigod Gladiator on Oct 4, 2017.
             Slain by an orc
             ... wielding a +1 spear of chaos
              (1 damage)
             ... on level 2 of the Dungeon.
             The game lasted 00:07:55 (1465 turns).

VirginKiller the Ruffian (Demigod Gladiator)        Turns: 1465, Time: 00:07:56

Health: 0/29       AC:  4    Str: 19    XL:     3   Next: 51%
Magic:  5/5        EV: 13    Int: 12    God:
Gold:   90         SH:  0    Dex: 17    Spells: 2/2 levels left

rFire    . . .     SeeInvis .     - Unarmed
rCold    . . .     Gourm    .   (no shield)
rNeg     . . .     Faith    .   j - +0 robe (curse)
rPois    .         Spirit   .   b - +0 helmet
rElec    .         Reflect  .   f - +0 cloak
rCorr    .         Harm     .   (no gloves)
MR       .....                  (no boots)
Stlth    ++........             (no amulet)
Regen    0.1/turn               (no ring)
MPRegen  0.1/turn               (no ring)

@: lethally poisoned (0 -> -6), drained
A: high mp 1
a: no special abilities


You were on level 2 of the Dungeon.
You were not hungry.

You visited 1 branch of the dungeon, and saw 2 of its levels.

You collected 90 gold pieces.

Inventory:

Missiles
 c - 3 throwing nets
 l - 2 javelins (quivered)
Armour
 a - a +0 leather armour
 b - a +0 helmet (worn)
 f - a +0 cloak (worn)
 j - a cursed +0 robe (worn)
 k - a +0 scale mail
Jewellery
 o - an uncursed ring of flight {unknown}
Wands
 r - a wand of confusion (28/48)
Scrolls
 h - 3 scrolls of identify
Potions
 e - a potion of curing {unknown}
 g - a potion of heal wounds {unknown}
 i - a potion of flight {unknown}
 p - a potion of brilliance {unknown}
 s - a potion of invisibility {unknown}
Comestibles
 d - 4 bread rations
 m - a royal jelly
 q - 2 meat rations


   Skills:
 - Level 1.7(1.3) Fighting
 - Level 1.7(1.3) Throwing
 - Level 2.6(2.2) Dodging
 * Level 4.3(3.8) Unarmed Combat


You had 2 spell levels left.
You didn't know any spells.

Dungeon Overview and Level Annotations

Branches:
Dungeon (2/15)


Innate Abilities, Weirdness & Mutations

You have an increased reservoir of magic. (+10% MP)


Message History

The adder misses you. The orc hits you with a club of chaos.
You are poisoned.
The orc hits you from afar with a spear of chaos.
The orc burns you.
A bat comes into view.
You miss the adder.
You feel sick. The adder misses you. x2
The orc barely misses you. x2
You're too confused to move!
The adder barely misses you. The orc barely misses you.
You bump into the rock wall.
You feel sick. The orc hits you but does no damage.
You are electrocuted!
The adder bites you but does no damage. The orc barely misses you.
You bump into the rock wall.
You feel less invigorated.
You feel less confused. The adder misses you.
The orc hits you with a club of chaos.
You are electrocuted!
Ouch! That really hurt!
* * * LOW HITPOINT WARNING * * *
The orc hits you from afar with a spear of chaos.
You die...

....#..........#*.#
#.##.#.###.##.###.#
#.###..# #........#
#......# ####.#####
********* ########
#.# *,,,,,,,* #.#
*,*****,* #.# *,*
*,* #.#######.##*
*,* ####
##..o@Sb.....* *,*
#..#*****
#..o######.#.***,*
..##******##...###
*,*,,,*,*
###**≈,,,*#......#
*,,***,,*
*≈,≈≈*,*≈##.....#
*,** **,*
**,,*≈*≈*,*#.....#
*,* *,*
*,≈≈,..≈**,#...###
*,** **,*
#,,**≈#.#*,#...#
**,***,**
#≈,,*≈≈,.≈,##(##
**,,,**


You could see an adder, 2 orcs and a bat.

Vanquished Creatures
  An ooze (D:2)
  2 worms (D:2)
  3 leopard geckos
  6 bats
  A giant cockroach (D:1)
  6 goblins
  3 hobgoblins (D:1)
  8 jackals
  5 frilled lizards
  2 kobolds (D:2)
  4 rats
41 creatures vanquished.

Notes
Turn   | Place    | Note
-------+----------+-------------------------------------------
     0 | D:1      | VirginKiller the Demigod Gladiator began the quest for the Orb.
     0 | D:1      | Reached XP level 1. HP: 17/17 MP: 3/3
    40 | D:1      | Reached skill level 3 in Unarmed Combat
   321 | D:1      | Reached XP level 2. HP: 22/24 MP: 4/4
   794 | D:2      | Reached XP level 3. HP: 23/29 MP: 5/5
   972 | D:2      | Reached skill level 4 in Unarmed Combat
  1465 | D:2      | HP: 1/29 [orc/club of chaos (18)]
  1465 | D:2      | Slain by an orc

Skill      XL: |  1  2  3 |
---------------+----------+-----
Unarmed Combat | 3 4 |  4.3
Fighting       | |  1.7
Throwing       | |  1.7
Dodging        | |  2.6

Action                   || total
-------------------------++-------
Melee: Unarmed           ||   148
       Punch             ||     2
Throw: Javelin           ||     1
  Use: Scroll            ||     3
       Potion            ||     1
 Stab: Sleeping          ||     4
  Eat: Chunk             ||     2
Armor: Leather armour    ||    12
       Robe              ||    22
Dodge: Dodged            ||   119
